Match 31597341
Unlisted

Match 31597341
End
Pioneer Squad
Construct Infanterie Kompanie
Selects Mechanized Battlegroup
MG 42 Machine Gun Team
Grenadier Squad
Grenadier Squad
Construct Panzergrenadier Kompanie
Construct Panzergrenadier Kompanie
251 Medium Carrier
Panzergrenadier Squad
Panzergrenadier Officer Quarters
Selects Raid Package
Panzergrenadier Squad
Panzergrenadier Squad
Medical Bunker
Support Elements
Selects StuG Assault Group
Selects UNKNOWN (2160084)
Selects Mobile Repair Stations
Nebelwerfer 42 Rocket Launcher Team
Construct Panzer Kompanie
Panther Heavy Tank
Panther Heavy Tank
Selects Wespe Self-propelled Artillery
Selects Mechanized Assault
WilllTHENOOBz
NEP_wilson_NEP
V.a.lacky
Drink||Chouchen
Drink||PiconBiere
Vlambulance-YouTube
0
0

Comments sign in to comment!

No comments posted yet!